 Dungeon Crawl Stone Soup version 0.19.1-1-g22dce08 (console) character file.

154 Kloppie the Chopper (level 5, -1/67 HPs)
             Began as a Draconian Berserker on Jan 18, 2017.
             Was a Believer of Trog.
             Slain by Kloppie's ghost (13 damage)
             ... on level 3 of the Dungeon.
             The game lasted 00:02:29 (2095 turns).

Kloppie the Chopper (Draconian Berserker)           Turns: 2095, Time: 00:02:29

Health: -1/67      AC:  7    Str: 24    XL:     5   Next: 13%
Magic:  5/5        EV: 12    Int:  7    God:    Trog [**....]
Gold:   144        SH:  2    Dex: 12    Spells: 0 memorised, 4 levels left

rFire  . . .     SeeInvis .     a - +0 hand axe
rCold  . . .     Gourm    .     (armour unavailable)
rNeg   . . .     Faith    .     c - -2 buckler (curse)
rPois  .         Spirit   .     (helmet restricted)
rElec  .         Reflect  .     t - +0 cloak
rCorr  .         Harm     .     r - +0 pair of gloves
MR     .....                    (no boots)
Stlth  ..........               (no amulet)
                                (no ring)
                                (no ring)

@: berserking (expiring), very quick
A: unfitting armour, cold-blooded, AC +5
a: Berserk, Trog's Hand, Burn Spellbooks, Renounce Religion


You were on level 3 of the Dungeon.
You worshipped Trog.
Trog was pleased with you.
You were very hungry.

You visited 1 branch of the dungeon, and saw 3 of its levels.

You collected 144 gold pieces.

Inventory:

Hand Weapons
 a - a +0 hand axe (weapon)
Armour
 c - a cursed -2 buckler (worn)
 r - a +0 pair of gloves (worn)
 t - a +0 cloak (worn)
Jewellery
 e - a +2 ring of strength {unknown}
 l - an uncursed amulet of faith {unknown}
Scrolls
 k - 3 scrolls of remove curse {unknown}
 m - a scroll of identify {unknown}
 p - a scroll of teleportation {unknown}
 s - a scroll of random uselessness {unknown}
Potions
 d - a potion of agility {unknown}
 h - a potion of flight {unknown}
 i - a potion of heal wounds {unknown}
 j - 2 potions of curing {unknown}
 n - a potion of degeneration {unknown}
Comestibles
 b - 2 bread rations
 f - a slice of pizza
 g - a beef jerky
 o - a meat ration
 q - a chunk of flesh


   Skills:
 - Level 3.4 Fighting
 + Level 4.6 Axes
 - Level 2.6 Dodging
 + Level 3.1 Shields


You had 4 spell levels left.
You didn't know any spells.

Dungeon Overview and Level Annotations

Branches:
Dungeon (3/15)

Altars:

Annotations:
D:3 Kloppie's ghost, amateur HOFi


Innate Abilities, Weirdness & Mutations

Your plain brown scales are hard. (AC +5)
You cannot fit into any form of body armour.
You are cold-blooded and may be slowed by cold attacks.


Message History

Kloppie's ghost is moderately damaged.
Kloppie's ghost hits you.
* * * LOW HITPOINT WARNING * * *
You barely miss Kloppie's ghost.
Kloppie's ghost is moderately damaged.
Kloppie's ghost hits you!
* * * LOW HITPOINT WARNING * * *
You hit Kloppie's ghost.
Your tail-slap misses Kloppie's ghost.
Kloppie's ghost is heavily damaged.
You hit Kloppie's ghost but do no damage.
Kloppie's ghost is heavily damaged.
Kloppie's ghost completely misses you.
You closely miss Kloppie's ghost.
Kloppie's ghost is heavily damaged.
Kloppie's ghost closely misses you.
You closely miss Kloppie's ghost.
Kloppie's ghost is heavily damaged.
Kloppie's ghost shrieks, "They lied to you.
The Dungeon just goes down and down forever."
Kloppie's ghost hits you!
You die...

#.#
##.##
....
#...
#..#
#..#
#..#
#.†#####
#@<....#
#W####.#
#.# ...
.### ##


You could see Kloppie's ghost.

Vanquished Creatures
  Crazy Yiuf (D:2)
  Terence (D:2)
  Natasha (twice) (D:2)
  2 adders (D:2)
  An ooze (D:1)
  A dart slug (D:1)
  A leopard gecko (D:2)
  2 giant cockroaches
  2 goblins (D:1)
  2 hobgoblins (D:1)
  4 kobolds (D:1)
  4 bats (D:1)
  2 frilled lizards (D:1)
  8 rats
  4 fungi (D:2)
37 creatures vanquished.

Notes
Turn   | Place    | Note
-------+----------+-------------------------------------------
     0 | D:1      | Kloppie the Draconian Berserker began the quest for the Orb.
     0 | D:1      | Reached XP level 1. HP: 19/19 MP: 1/1
   204 | D:1      | Reached XP level 2. HP: 21/26 MP: 2/2
   300 | D:1      | Reached skill level 1 in Shields
   884 | D:2      | Noticed Terence
   895 | D:2      | Killed Terence
   895 | D:2      | Reached skill level 4 in Axes
   895 | D:2      | Reached XP level 3. HP: 31/31 MP: 3/3
   991 | D:2      | Reached XP level 4. HP: 25/38 MP: 4/4
  1305 | D:2      | Reached ** piety under Trog
  1341 | D:2      | Noticed Natasha
  1351 | D:2      | Killed Natasha
  1697 | D:2      | Found a runed door.
  1701 | D:2      | Noticed Crazy Yiuf
  1706 | D:2      | Paralysed by Crazy Yiuf for 2 turns
  1712 | D:2      | Killed Crazy Yiuf
  1879 | D:2      | Noticed Natasha
  1891 | D:2      | Killed Natasha
  1891 | D:2      | Reached XP level 5. HP: 31/45 MP: 5/5
  2078 | D:3      | Noticed Kloppie's ghost (amateur HOFi)
  2095 | D:3      | Slain by Kloppie's ghost

Skill      XL: |  1  2  3  4 |
---------------+-------------+-----
Shields        | 2 3 |  3.1
Axes           | 4 |  4.6
Fighting       | |  3.4
Dodging        | |  2.6

Action                   |  1- 3 |  4- 6 || total
-------------------------+-------+-------++-------
Melee: Hand axe          |    83 |    74 ||   157
       Tailslap          |    12 |     9 ||    21
Invok: Berserk           |     2 |     3 ||     5
 Stab: Sleeping          |     1 |       ||     1
  Eat: Chunk             |     1 |     6 ||     7
Armor: Skin              |    21 |     8 ||    29
Dodge: Dodged            |    54 |    18 ||    72
Block: Buckler           |     2 |     7 ||     9
